Map: Omicron

Players

ZoaFt

  • Race: Protoss Protoss
  • League: Gold
  • Spawn Location: 3:00

Grumm

  • Race: Terran Terran
  • League: Gold
  • Spawn Location: 1:00

KillzAlot

  • Race: Zerg Zerg
  • Spawn Location: 9:00

xKuroRoninx

  • Race: Terran Terran
  • League: Silver
  • Spawn Location: 7:00

VOD

Have the link to the VOD?

Description

Time

  • Played on: Feb. 4, 2016, 6:09 p.m.
  • Length: 14:17
Show
View Real Time Build Order
Export as new Build Order

ZoaFt Protoss 

Build Orders: Oracle Opening 

Get SALT Encoding   

  12  0:01  Probe (Chrono Boost)  
  13  0:11  Probe (Chrono Boost)  
  14  0:17  Pylon  
  14  0:22  Probe (Chrono Boost)  
  15  0:36  Probe (Chrono Boost)  
  15  0:41  Gateway  
  16  0:46  Assimilator  
  16  0:49  Probe (Chrono Boost)  
  17  1:00  Probe (Chrono Boost)  
  19  1:11  Probe (Chrono Boost)  
  19  1:22  Probe (Chrono Boost)  
  20  1:32  Probe (Chrono Boost)  
  21  1:35  Cybernetics Core  
  21  1:39  Pylon  
  21  1:43  Probe (Chrono Boost)  
  21  1:44  Assimilator  
  22  1:53  Probe (Chrono Boost)  
  23  2:04  Probe (Chrono Boost)  
  24  2:12  Stargate  
  24  2:14  Probe (Chrono Boost)  
  25  2:25  Probe (Chrono Boost)  
  26  2:40  Nexus  
  26  2:43  Probe (Chrono Boost)  
  27  2:53  Probe (Chrono Boost)  
  27  2:58  Oracle  
  28  3:05  Pylon  
  31  3:10  Pylon  
  31  3:11  Pylon  
  31  3:26  Stargate  
  31  3:33  Probe (Chrono Boost)  
  32  3:38  Void Ray  
  36  3:44  Probe (Chrono Boost)  
  36  3:46  Assimilator  
  37  3:51  Assimilator  
  37  3:54  Probe (Chrono Boost)  
  37  3:55  Probe (Chrono Boost)  
  39  4:05  Probe x2 (Chrono Boost)  
  41  4:36  Void Ray x2  
  49  4:49  Probe x2 (Chrono Boost)  
  51  5:00  Probe x2 (Chrono Boost)  
  28  5:42  Void Ray x2  
  36  6:01  Probe x2 (Chrono Boost)  
  38  6:11  Probe x2 (Chrono Boost)  
  40  6:22  Probe x2 (Chrono Boost)  
  40  6:24  Forge  
  42  6:28  Pylon  
  42  6:29  Void Ray x2  
  42  6:31  Pylon  
  52  6:33  Mothership Core (Chrono Boost), Probe (Chrono Boost)  
  53  6:43  Probe (Chrono Boost)  
  49  7:13  Probe x2 (Chrono Boost)  
  50  7:16  Void Ray (Chrono Boost)  
  54  7:23  Probe x2 (Chrono Boost)  
  56  7:30  Void Ray (Chrono Boost)  
  56  7:34  Probe x2 (Chrono Boost)  
  62  7:44  Probe (Chrono Boost)  
  63  7:59  Pylon  
  63  8:01  Photon Cannon  
  63  8:03  Photon Cannon  
  63  8:04  Void Ray (Chrono Boost)  
  67  8:18  Pylon  
  67  8:24  Void Ray (Chrono Boost)  
  71  8:45  Void Ray (Chrono Boost)  
  71  8:47  Probe x2  
  77  8:59  Probe x2  
  79  9:11  Probe x2  
  73  9:38  Void Ray x2 (Chrono Boost)  
  73  9:52  Protoss Air Weapons Level 1  
  73  10:16  Void Ray x2 (Chrono Boost)  
  73  10:47  Nexus  
  73  10:50  Pylon x2  
  73  10:52  Pylon  
  73  10:53  Void Ray x2 (Chrono Boost)  
  73  10:56  Fleet Beacon  
  81  11:10  Photon Cannon  
  81  11:12  Photon Cannon  
  81  11:14  Photon Cannon  
  81  11:28  Probe x2  
  83  11:39  Photon Cannon  
  83  11:40  Probe, Photon Cannon  
  83  11:42  Tempest (Chrono Boost)  
  88  11:53  Tempest (Chrono Boost)  
  92  11:59  Protoss Air Weapons Level 2  
  92  12:13  Probe x2  
  94  12:18  Probe  
  95  12:25  Probe x2  
  95  12:28  Probe  
  98  12:41  Void Ray x2 (Chrono Boost)  
  98  13:03  Probe  
  98  13:05  Probe x2  
  101  13:19  Stargate  
  101  13:22  Stargate, Tempest x2 (Chrono Boost)  
Show
View Real Time Build Order
Export as new Build Order

Grumm Terran 

Build Orders: Liberator Opening 

Get SALT Encoding   

  12  0:01  SCV  
  13  0:13  SCV  
  14  0:22  Supply Depot  
  14  0:25  SCV  
  15  0:32  Refinery  
  15  0:37  Refinery  
  15  0:47  Barracks  
  15  0:51  SCV  
  16  1:03  SCV  
  17  1:09  Supply Depot  
  17  1:15  SCV  
  18  1:27  SCV  
  19  1:38  Factory  
  19  1:41  Reaper  
  20  1:49  SCV  
  21  2:01  SCV  
  22  2:13  SCV  
  23  2:17  Supply Depot  
  23  2:25  Barracks Tech Lab  
  23  2:27  Orbital Command  
  23  2:31  Starport  
  23  2:45  Starport  
  23  2:53  Liberator  
  23  2:56  SCV  
  23  3:07  Barracks Tech Lab  
  23  3:08  SCV  
  27  3:25  Factory Reactor  
  27  3:31  Supply Depot  
  27  3:35  Cloaking Field  
  27  3:37  Banshee  
  30  4:00  Supply Depot, Command Center  
  30  4:10  Widow Mine  
  32  4:44  Banshee x2  
  35  5:33  Banshee x2  
  41  5:38  Fusion Core  
  41  6:13  Engineering Bay  
  41  6:32  Liberator  
  42  6:39  Planetary Fortress  
  42  6:42  Supply Depot  
  41  6:48  Barracks Tech Lab  
  41  6:50  Starport  
  41  6:51  Refinery  
  46  6:54  Hellion x2  
  46  6:56  Refinery  
  46  6:59  Missile Turret  
  48  7:15  Hellion  
  50  7:16  Hellion  
  43  7:55  Battlecruiser  
  49  8:03  SCV  
  50  8:07  Battlecruiser  
  56  8:15  SCV  
  57  8:27  SCV  
  58  8:39  SCV  
  56  8:47  Battlecruiser  
  59  8:54  SCV  
  60  8:57  SCV  
  60  9:00  Supply Depot  
  61  9:06  SCV  
  61  9:09  SCV  
  63  9:18  Armory, SCV  
  63  9:19  Armory  
  63  9:21  SCV  
  65  9:28  Battlecruiser  
  65  9:30  SCV  
  72  9:33  SCV  
  73  9:42  SCV  
  74  9:55  Weapon Refit  
  74  10:15  Barracks, Hellbat x2  
  74  10:18  Barracks Reactor  
  78  10:28  Terran Ship Weapons Level 1  
  78  10:29  Terran Vehicle And Ship Armor Level 1  
  78  10:36  Hellbat x2  
  82  10:44  SCV  
  83  10:56  SCV  
  84  10:58  Hellbat  
  84  11:04  Missile Turret  
  86  11:27  Battlecruiser, SCV  
  86  11:32  Command Center  
  93  11:37  Supply Depot  
  93  11:43  Barracks Reactor  
  93  11:53  Supply Depot  
  93  11:59  Hellbat x2  
  93  12:00  Supply Depot  
  97  12:15  Battlecruiser  
  103  12:20  Hellion, Hellbat  
  103  12:21  Supply Depot  
  107  12:23  Terran Vehicle Weapons Level 1  
  107  12:25  Supply Depot  
  88  12:42  Hellion x2  
  55  13:03  Hellion  
  55  13:04  Raven  
  55  13:05  Battlecruiser  
Show
View Real Time Build Order
Export as new Build Order

KillzAlot Zerg 

Build Orders: Pool First, Lurkers 

Get SALT Encoding   

  12  0:02  Drone  
  13  0:13  Drone  
  14  0:28  Overlord  
  14  0:35  Spawning Pool  
  13  0:37  Extractor  
  13  0:39  Drone  
  13  0:43  Drone  
  14  0:51  Drone  
  14  0:55  Drone  
  16  1:05  Drone  
  17  1:27  Hatchery  
  17  1:32  Queen  
  18  1:38  Zergling x2  
  19  1:43  Drone  
  20  1:47  Drone  
  21  1:56  Drone  
  22  2:09  Overlord  
  22  2:10  Extractor  
  21  2:22  Drone  
  22  2:33  Drone x2  
  24  2:39  Queen  
  24  2:40  Drone  
  24  2:42  Drone x3  
  30  3:00  Drone  
  30  3:01  Drone  
  32  3:07  Spore Crawler  
  32  3:12  Spore Crawler  
  30  3:15  Spore Crawler  
  30  3:18  Spine Crawler  
  28  3:21  Spore Crawler  
  28  3:24  Drone  
  28  3:25  Drone x4  
  32  3:34  Lair  
  32  3:45  Drone x2  
  32  3:46  Drone  
  32  3:48  Drone  
  36  3:59  Overlord x2  
  36  4:14  Drone, Extractor  
  36  4:15  Extractor  
  28  4:51  Spire  
  27  5:16  Drone  
  27  5:17  Drone x2, Spore Crawler  
  27  5:18  Drone x3, Queen  
  34  5:24  Queen  
  37  5:32  Hydralisk Den  
  36  5:37  Drone x4  
  36  5:38  Drone x2  
  42  5:42  Overseer  
  42  5:48  Drone x2  
  44  5:52  Drone  
  45  6:03  Muscular Augments  
  45  6:10  Drone x3  
  48  6:21  Drone  
  49  6:28  Evolution Chamber  
  49  6:29  Evolution Chamber  
  47  6:36  Hatchery  
  46  6:50  Hydralisk x3  
  52  6:55  Overlord x2  
  52  6:57  Zerg Ground Armor Level 1, Zerg Missile Weapons Level 1  
  53  7:18  Hydralisk  
  53  7:19  Hydralisk x7  
  66  7:45  Queen  
  66  7:50  Spore Crawler  
  67  7:54  Drone  
  67  7:56  Overlord x2  
  68  8:12  Lurker Den  
  68  8:16  Hatchery  
  67  8:22  Drone x5  
  67  8:23  Drone  
  73  9:04  Hydralisk x5  
  73  9:07  Overlord x5  
  73  9:09  Zerg Ground Armor Level 2, Zerg Missile Weapons Level 2  
  83  9:21  Hatchery  
  82  9:42  Drone x4  
  82  9:43  Drone x2  
  88  10:01  Drone  
  88  10:02  Drone x2  
  88  10:04  Drone x4  
  88  10:06  Drone x3  
  98  10:11  Extractor  
  98  10:13  Extractor  
  96  10:26  Hydralisk x7  
  110  10:39  Drone x5  
  110  10:41  Hydralisk x4  
  123  10:52  Drone  
  123  10:54  Overlord x4  
  123  10:55  Overlord  
  124  10:58  Lurker x9  
  124  11:01  Hydralisk  
  135  11:07  Overlord x3  
  135  11:15  Hydralisk  
  135  11:16  Hydralisk x7  
  151  11:32  Hydralisk x6  
  163  12:00  Extractor  
  163  12:01  Overseer, Extractor  
  161  12:06  Infestation Pit  
  122  12:59  Hydralisk  
  122  13:00  Hydralisk x27  
  178  13:25  Hydralisk  
  178  13:26  Hydralisk x5  
  190  13:27  Overlord x2  
  172  13:53  Hydralisk  
Show
View Real Time Build Order
Export as new Build Order

xKuroRoninx Terran 

Build Orders: MMM Bio 

Get SALT Encoding   

  12  0:01  SCV  
  13  0:13  SCV  
  14  0:20  Supply Depot  
  14  0:25  SCV  
  15  0:30  Refinery  
  15  0:41  SCV  
  16  0:46  Barracks  
  16  0:53  SCV  
  17  1:05  SCV  
  18  1:12  Barracks  
  18  1:17  SCV  
  19  1:32  SCV  
  20  1:34  Barracks Tech Lab  
  20  1:36  Supply Depot  
  20  1:44  SCV  
  21  1:51  Factory  
  21  1:53  Marine  
  22  1:56  SCV  
  22  1:57  Refinery  
  23  2:09  Barracks Reactor  
  23  2:17  Orbital Command  
  23  2:23  Marine  
  24  2:30  Engineering Bay  
  24  2:38  Starport  
  24  2:44  Marine  
  24  2:45  Marine x2  
  24  2:46  SCV  
  28  3:00  Factory Tech Lab  
  28  3:02  Marine x2  
  28  3:03  Marine  
  31  3:07  Stimpack  
  31  3:21  Starport Reactor  
  31  3:32  Missile Turret  
  31  3:39  Supply Depot  
  31  3:49  Marine x3  
  31  3:55  Missile Turret  
  34  3:57  Medivac x2  
  38  4:07  Marine x3  
  41  4:30  Marine x3  
  44  4:37  Medivac  
  46  4:48  Marine  
  47  4:53  Supply Depot  
  47  4:57  Supply Depot  
  47  5:14  Medivac, Marine x2  
  47  5:20  Marine  
  51  5:32  Marine x2  
  52  5:38  Marine  
  48  5:50  Marine x2  
  48  5:56  Marine  
  51  6:00  SCV  
  50  6:07  Marine x2  
  52  6:12  Command Center  
  52  6:14  Marine  
  53  6:25  Marine  
  54  6:38  Marine x2  
  56  6:40  Combat Shields  
  56  6:43  Marine  
  57  6:56  Marine x2  
  57  7:01  Marine  
  42  7:14  Marine x2  
  37  7:19  Marine  
  37  7:22  Missile Turret, Terran Infantry Weapons Level 1  
  38  7:32  Marine x2  
  38  7:34  Viking  
  38  7:37  Marine  
  43  7:44  Viking  
  43  7:50  Marine  
  46  8:17  Barracks  
  46  8:28  SCV  
  47  8:39  Viking  
  47  8:40  SCV  
  50  8:41  Viking  
  52  8:52  SCV  
  51  9:04  SCV  
  45  9:14  Marine x3  
  45  9:17  Terran Infantry Armor Level 1  
  33  9:32  Viking x2, Marine x3  
  40  9:40  Missile Turret  
  40  9:50  Marine  
  41  10:00  Marine x2  
  41  10:03  Barracks Reactor  
  36  10:07  Marine  
  35  10:18  Marine x2  
  37  10:25  Marine  
  35  10:52  Viking x2  
  39  10:57  Marine x4  
  39  10:58  Marine  
  44  11:40  Command Center  
  44  12:06  Hi-Sec Auto Tracking  
  36  13:05  SCV x2  
  38  13:17  SCV x2  
  40  13:20  Refinery  
  40  13:23  Refinery  
  40  13:29  SCV  
  40  13:30  SCV  
  42  13:46  Marine x5  
  47  13:55  Command Center  
Tags
 
Add a new tag
Caveats
  • Supply blocks, unpowered buildings, or Contaminate may cause inaccurate times.
  • Supply counts are checked every 10 seconds.